[ AOE2 MATCH · #481663203 ]
1v1 RMVietnamese vs Burgundians
Player's team · LOSS
[ REPLAY ANALYSIS · EXTRACTED FROM THE RECORDED GAME ]
Feudal
11:47
Castle
22:09
Imperial
39:20
| APM avg | 43.7 |
| APM peak | 140 |
| eAPM avg | 24.1 |
| Villagers / military | 250 / 536 |
Focus
⚔️ 31.3% · 🌾 68.7%
Spearman ×251 · Scout Cavalry ×109 · Cavalry Archer ×67 · Fire Lancer ×55 · Archer ×29 · Battering Ram ×10
Feudal
9:07
Castle
20:39
Imperial
38:48
| APM avg | 46.3 |
| APM peak | 109 |
| eAPM avg | 24.1 |
| Villagers / military | 156 / 416 |
Focus
⚔️ 51.4% · 🌾 48.6%
Skirmisher ×214 · Knight ×137 · Hand Cannoneer ×30 · Scout Cavalry ×24 · Trebuchet (Packed) ×4 · Mangonel ×3
Match map
Initial resources + every placement click. Lines = walls · curves = elevation contours. ◆ gold · ⬟ stone · ● berries · ✦ relic · ◌ wall gap
Your base· Open — opponent sealed themselves in
JeesalOne's base· ✓ Closed at 20:39 · 49t walls · no gate
Smoothed initial terrain · ◌ = detected wall gap · hover for details
Inputs per minute
— TocToc.Fuegan33 - - JeesalOne
Build order — TocToc.Fuegan33
First 150 of 691 actions detected
| 0:00 | Create | Villager (Male) |
| 0:01 | Create | Villager (Male) |
| 0:01 | Create | Villager (Male) |
| 0:02 | Build | House |
| 0:02 | Build | House |
| 0:10 | Create | Villager (Male) |
| 0:10 | Create | Villager (Male) |
| 1:27 | Create | Villager (Male) |
| 1:28 | Create | Villager (Male) |
| 2:04 | Create | Villager (Male) |
| 2:04 | Create | Villager (Male) |
| 2:12 | Build | Lumber Camp |
| 2:25 | Create | Villager (Male) |
| 2:25 | Create | Villager (Male) |
| 2:37 | Build | House |
| 2:39 | Build | House |
| 2:57 | Create | Villager (Male) |
| 2:57 | Create | Villager (Male) |
| 3:06 | Create | Villager (Male) |
| 3:06 | Create | Villager (Male) |
| 3:39 | Create | Villager (Male) |
| 3:57 | Create | Villager (Male) |
| 4:26 | Create | Villager (Male) |
| 4:32 | Create | Villager (Male) |
| 5:16 | Create | Villager (Male) |
| 5:29 | Build | Mill |
| 5:40 | Create | Villager (Male) |
| 6:10 | Create | Villager (Male) |
| 6:35 | Create | Villager (Male) |
| 6:51 | Create | Villager (Male) |
| 7:06 | Build | Mill |
| 7:15 | Create | Villager (Male) |
| 7:23 | Create | Villager (Male) |
| 7:46 | Create | Villager (Male) |
| 7:54 | Build | House |
| 7:59 | Build | Farm |
| 8:01 | Create | Villager (Male) |
| 8:17 | Build | House |
| 8:26 | Build | Farm |
| 8:58 | Create | Villager (Male) |
| 9:03 | Research | Loom |
| 9:08 | Build | Mining Camp |
| 9:23 | Build | Palisade Wall |
| 9:34 | Research | Feudal Age |
| 10:25 | Build | Barracks |
| 10:40 | Build | House |
| 10:41 | Build | House |
| 10:57 | Build | House |
| 11:19 | Create | Villager (Male) |
| 11:19 | Create | Villager (Male) |
| 11:47 | Age | Feudal Age |
| 11:56 | Research | Double-Bit Axe |
| 12:06 | Build | Archery Range |
| 12:24 | Create | Villager (Male) |
| 12:27 | Build | Palisade Wall |
| 12:32 | Build | Palisade Wall |
| 12:34 | Build | Palisade Wall |
| 12:35 | Build | Palisade Wall |
| 12:38 | Build | Palisade Wall |
| 12:39 | Build | Palisade Wall |
| 12:43 | Build | House |
| 12:44 | Build | House |
| 12:46 | Build | Palisade Wall |
| 12:47 | Build | Palisade Wall |
| 12:49 | Build | Palisade Wall |
| 12:50 | Build | Palisade Wall |
| 12:59 | Create | Spearman |
| 13:05 | Create | Archer |
| 13:05 | Create | Archer |
| 13:15 | Create | Villager (Male) |
| 13:17 | Build | Farm |
| 13:36 | Create | Villager (Male) |
| 13:45 | Create | Spearman |
| 13:53 | Build | Lumber Camp |
| 14:07 | Create | Villager (Male) |
| 14:17 | Build | Farm |
| 14:24 | Build | Farm |
| 14:24 | Create | Villager (Male) |
| 14:26 | Create | Archer |
| 14:27 | Create | Archer |
| 14:49 | Build | Palisade Wall |
| 15:03 | Create | Archer |
| 15:03 | Create | Archer |
| 15:06 | Create | Villager (Male) |
| 15:34 | Create | Villager (Male) |
| 15:34 | Create | Villager (Male) |
| 15:37 | Build | Farm |
| 15:39 | Build | Farm |
| 15:40 | Build | Farm |
| 15:42 | Research | Horse Collar |
| 16:05 | Create | Villager (Male) |
| 16:16 | Create | Villager (Male) |
| 16:19 | Build | Farm |
| 16:19 | Build | Farm |
| 16:20 | Build | Farm |
| 16:20 | Build | Farm |
| 16:22 | Create | Villager (Male) |
| 16:25 | Create | Archer |
| 16:31 | Create | Villager (Male) |
| 16:38 | Build | House |
| 16:48 | Create | Villager (Male) |
| 16:50 | Create | Archer |
| 17:18 | Create | Archer |
| 17:18 | Create | Archer |
| 17:23 | Build | Blacksmith |
| 17:26 | Create | Villager (Male) |
| 17:41 | Build | Farm |
| 17:42 | Create | Villager (Male) |
| 17:54 | Build | Farm |
| 18:09 | Build | Market |
| 18:40 | Build | House |
| 18:41 | Build | House |
| 18:49 | Research | Wheelbarrow |
| 19:02 | Build | Mining Camp |
| 19:29 | Research | Castle Age |
| 19:47 | Build | Archery Range |
| 20:02 | Research | Gold Mining |
| 20:09 | Create | Archer |
| 20:09 | Create | Archer |
| 20:15 | Build | House |
| 20:17 | Build | House |
| 20:39 | Create | Archer |
| 20:39 | Create | Archer |
| 20:41 | Research | Fletching |
| 20:51 | Build | House |
| 20:52 | Build | House |
| 20:53 | Build | Palisade Wall |
| 21:09 | Build | Palisade Gate |
| 21:15 | Build | Palisade Wall |
| 21:18 | Build | Palisade Wall |
| 21:22 | Create | Archer |
| 21:22 | Create | Archer |
| 21:37 | Build | Archery Range |
| 21:40 | Create | Archer |
| 21:40 | Create | Archer |
| 21:47 | Build | House |
| 21:52 | Create | Archer |
| 21:54 | Create | Villager (Male) |
| 21:55 | Create | Villager (Male) |
| 22:09 | Age | Castle Age |
| 22:15 | Research | Crossbowman (upgrade) |
| 22:20 | Research | Bodkin Arrow |
| 22:21 | Create | Villager (Male) |
| 22:24 | Create | Cavalry Archer ×3 |
| 22:31 | Create | Archer |
| 22:31 | Create | Archer |
| 22:52 | Create | Archer |
| 22:52 | Create | Archer |
| 23:00 | Build | Farm |
| 23:01 | Build | Farm |
Build order — JeesalOne
First 150 of 796 actions detected
| 0:01 | Create | Villager (Male) |
| 0:02 | Create | Villager (Male) |
| 0:03 | Build | House |
| 0:05 | Build | House |
| 0:15 | Create | Villager (Male) |
| 0:16 | Create | Villager (Male) |
| 0:16 | Create | Villager (Male) |
| 1:26 | Create | Villager (Male) |
| 1:26 | Create | Villager (Male) |
| 2:02 | Build | Lumber Camp |
| 2:02 | Create | Villager (Male) |
| 2:03 | Create | Villager (Male) |
| 2:19 | Create | Villager (Male) |
| 2:19 | Create | Villager (Male) |
| 2:48 | Create | Villager (Male) |
| 2:48 | Create | Villager (Male) |
| 2:49 | Create | Villager (Male) |
| 3:08 | Create | Villager (Male) |
| 3:08 | Create | Villager (Male) |
| 3:09 | Create | Villager (Male) |
| 3:43 | Create | Villager (Male) |
| 3:43 | Create | Villager (Male) |
| 4:05 | Research | Loom |
| 4:06 | Build | House |
| 4:10 | Create | Villager (Male) |
| 4:10 | Create | Villager (Male) |
| 4:40 | Build | Mill |
| 4:59 | Create | Villager (Male) |
| 5:10 | Create | Villager (Male) |
| 5:48 | Create | Villager (Male) |
| 6:14 | Research | Loom |
| 6:57 | Research | Feudal Age |
| 6:57 | Research | Feudal Age |
| 7:36 | Build | Barracks |
| 7:40 | Research | Double-Bit Axe |
| 8:31 | Create | Villager (Male) |
| 8:45 | Build | House |
| 9:07 | Age | Feudal Age |
| 9:15 | Build | Stable |
| 9:24 | Research | Bow Saw |
| 9:27 | Create | Villager (Male) |
| 9:47 | Create | Villager (Male) |
| 9:49 | Build | Mill |
| 10:04 | Create | Villager (Male) |
| 10:12 | Build | House |
| 10:14 | Create | Scout Cavalry |
| 10:31 | Create | Villager (Male) |
| 10:39 | Build | House |
| 10:53 | Create | Scout Cavalry |
| 11:07 | Create | Villager (Male) |
| 11:15 | Build | Palisade Wall |
| 11:33 | Create | Villager (Male) |
| 11:35 | Research | Horse Collar |
| 11:40 | Build | Farm |
| 11:41 | Build | Farm |
| 11:42 | Build | Farm |
| 11:54 | Build | Lumber Camp |
| 11:58 | Create | Villager (Male) |
| 12:07 | Build | Farm |
| 12:10 | Build | Farm |
| 12:17 | Create | Villager (Male) |
| 12:40 | Create | Villager (Male) |
| 12:45 | Build | Farm |
| 13:02 | Build | Palisade Wall |
| 13:15 | Create | Villager (Male) |
| 13:18 | Build | Farm |
| 13:20 | Build | Farm |
| 13:25 | Create | Villager (Male) |
| 13:29 | Build | Palisade Wall |
| 13:37 | Build | House |
| 13:55 | Create | Villager (Male) |
| 14:03 | Build | Palisade Wall |
| 14:12 | Build | Mining Camp |
| 14:15 | Research | Heavy Plow |
| 14:18 | Create | Villager (Male) |
| 14:25 | Build | Market |
| 14:44 | Create | Villager (Male) |
| 15:07 | Create | Villager (Male) |
| 15:36 | Build | Archery Range |
| 15:38 | Build | Blacksmith |
| 15:42 | Create | Villager (Male) |
| 16:06 | Create | Villager (Male) |
| 16:26 | Build | House |
| 16:30 | Build | House |
| 16:34 | Build | House |
| 16:37 | Create | Villager (Male) |
| 16:45 | Create | Skirmisher |
| 16:45 | Create | Skirmisher |
| 16:46 | Create | Skirmisher |
| 16:48 | Build | House |
| 16:57 | Create | Villager (Male) |
| 17:15 | Build | Palisade Wall |
| 17:22 | Create | Villager (Male) |
| 17:25 | Build | Palisade Wall |
| 17:59 | Research | Castle Age |
| 17:59 | Research | Castle Age |
| 18:15 | Create | Skirmisher |
| 18:43 | Build | Stable |
| 19:09 | Build | Farm |
| 19:10 | Build | Farm |
| 19:12 | Build | Farm |
| 19:13 | Build | Farm |
| 19:15 | Build | Farm |
| 19:17 | Build | Farm |
| 19:35 | Research | Scale Barding Armor |
| 19:35 | Research | Forging |
| 20:13 | Create | Villager (Male) |
| 20:16 | Build | Palisade Wall |
| 20:39 | Age | Castle Age |
| 20:49 | Build | Town Center |
| 20:53 | Create | Villager (Male) |
| 20:57 | Research | Husbandry |
| 20:57 | Research | Cavalier (upgrade) |
| 21:17 | Build | Farm |
| 21:26 | Create | Villager (Male) |
| 21:35 | Build | Farm |
| 21:41 | Create | Villager (Male) |
| 21:45 | Create | Villager (Male) |
| 21:50 | Build | Town Center |
| 21:57 | Build | Farm |
| 22:01 | Create | Villager (Male) |
| 22:11 | Build | Stable |
| 22:17 | Research | Wheelbarrow |
| 22:20 | Create | Villager (Male) |
| 22:23 | Build | Farm |
| 22:30 | Create | Villager (Male) |
| 22:58 | Research | Chain Barding Armor |
| 23:06 | Create | Villager (Male) |
| 23:06 | Create | Villager (Male) |
| 23:07 | Create | Villager (Male) |
| 23:13 | Build | Farm |
| 23:18 | Build | Stable |
| 23:24 | Create | Villager (Male) |
| 23:31 | Research | Town Watch |
| 23:36 | Create | Villager (Male) |
| 23:44 | Build | Farm |
| 23:45 | Build | Farm |
| 23:50 | Create | Villager (Male) |
| 23:55 | Create | Villager (Male) |
| 24:11 | Create | Knight |
| 24:11 | Create | Knight |
| 24:11 | Create | Knight |
| 24:11 | Create | Knight |
| 24:18 | Build | Farm |
| 24:21 | Build | Farm |
| 24:24 | Build | Farm |
| 24:26 | Create | Villager (Male) |
| 24:41 | Create | Villager (Male) |
| 24:43 | Create | Villager (Male) |
| 24:54 | Build | House |
Match timeline
| 7:36 | JeesalOne · first_building Barracks |
| 9:07 | JeesalOne · age_up feudal |
| 9:15 | JeesalOne · first_building Stable |
| 9:23 | TocToc.Fuegan33 · wall_segment Palisade Wall x4 |
| 10:25 | TocToc.Fuegan33 · first_building Barracks |
| 11:15 | JeesalOne · wall_segment Palisade Wall x10 |
| 11:47 | TocToc.Fuegan33 · age_up feudal |
| 12:06 | TocToc.Fuegan33 · first_building Archery Range |
| 12:27 | TocToc.Fuegan33 · wall_segment Palisade Wall x1 |
| 12:32 | TocToc.Fuegan33 · wall_segment Palisade Wall x1 |
| 12:34 | TocToc.Fuegan33 · wall_segment Palisade Wall x1 |
| 12:35 | TocToc.Fuegan33 · wall_segment Palisade Wall x1 |
| 12:38 | TocToc.Fuegan33 · wall_segment Palisade Wall x1 |
| 12:39 | TocToc.Fuegan33 · wall_segment Palisade Wall x1 |
| 12:46 | TocToc.Fuegan33 · wall_segment Palisade Wall x1 |
| 12:47 | TocToc.Fuegan33 · wall_segment Palisade Wall x1 |
| 12:49 | TocToc.Fuegan33 · wall_segment Palisade Wall x1 |
| 12:50 | TocToc.Fuegan33 · wall_segment Palisade Wall x1 |
| 13:02 | JeesalOne · wall_segment Palisade Wall x8 |
| 13:29 | JeesalOne · wall_segment Palisade Wall x1 |
| 14:03 | JeesalOne · wall_segment Palisade Wall x21 |
| 14:49 | TocToc.Fuegan33 · wall_segment Palisade Wall x2 |
| 15:36 | JeesalOne · first_building Archery Range |
| 17:15 | JeesalOne · wall_segment Palisade Wall x1 |
| 17:25 | JeesalOne · wall_segment Palisade Wall x6 |
| 17:43 | JeesalOne · first_market_sell 100 wood |
| 17:45 | JeesalOne · first_market_buy 100 food |
| 19:16 | TocToc.Fuegan33 · first_market_sell 100 wood |
| 19:19 | TocToc.Fuegan33 · first_market_buy 100 food |
| 20:16 | JeesalOne · wall_segment Palisade Wall x2 |
| 20:39 | JeesalOne · age_up castle |
| 20:53 | TocToc.Fuegan33 · wall_segment Palisade Wall x1 |
| 21:15 | TocToc.Fuegan33 · wall_segment Palisade Wall x1 |
| 21:18 | TocToc.Fuegan33 · wall_segment Palisade Wall x2 |
| 22:09 | TocToc.Fuegan33 · age_up castle |
| 25:18 | TocToc.Fuegan33 · first_building Siege Workshop |
| 27:02 | TocToc.Fuegan33 · first_building Monastery |
| 27:39 | TocToc.Fuegan33 · first_building Stable |
| 28:51 | JeesalOne · wall_segment Palisade Wall x1 |
| 29:18 | JeesalOne · first_building Siege Workshop |
| 29:41 | JeesalOne · first_building Monastery |
| 30:13 | JeesalOne · first_building Castle |
| 36:39 | TocToc.Fuegan33 · wall_segment Palisade Wall x1 |
| 37:39 | JeesalOne · wall_segment Palisade Wall x1 |
| 38:48 | JeesalOne · age_up imperial |
| 39:20 | TocToc.Fuegan33 · age_up imperial |
| 61:01 | TocToc.Fuegan33 · first_building Castle |
| 64:51 | TocToc.Fuegan33 · resign |
[ AI ANALYSIS · 1 CREDIT ]
What really happened in this match?
Wolo.gg analyzes every decision: build order, eco, micro, common mistakes by bracket. Personalized analysis on WhatsApp or Discord in 30 seconds.
Civ guide
Vietnamese
Map guide
Arabia
Perfil
Jugador #880156